 Dungeon Crawl Stone Soup version 0.31-a0-165-g3f4f80340b (webtiles) character file.

Game seed: 7514558965449934939

2724 qw the Cleaver (level 9, 0/57 HPs)
             Began as a Gargoyle Fighter on June 13, 2023.
             Was a Believer of Okawaru.
             Slain by a yak (12 damage)
             ... on level 8 of the Dungeon.
             The game lasted 00:03:10 (6284 turns).

qw the Cleaver (Gargoyle Fighter)                   Turns: 6284, Time: 00:03:10

Health: 0/57       AC: 18    Str: 24    XL:     9   Next: 67%
Magic:  10/10      EV:  9    Int:  9    God:    Okawaru [**....]
Gold:   404        SH:  4    Dex:  9    Spells: 8/8 levels left

rFire   + . .        Y - +2 war axe
rCold   . . .        c - +0 buckler
rNeg    + . .        q - +0 chain mail
rPois   inf          i - +0 helmet
rElec   +            h - +0 cloak
rCorr   .            (no gloves)
SInv    .            (no boots)
Will    .....        (no amulet) Stlth
                     l - ring of protection from fire
HPRegen 0.29/turn    (no ring)
MPRegen 0.12/turn

%: clarity
@: no status effects
A: sickness immunity, AC +6, negative energy resistance 1, electricity
resistance, torment resistance 1, petrification resistance, clarity, low MP 1,
screaming 1, noise suppression
a: Renounce Religion, Heroism


You were on level 8 of the Dungeon.
You worshipped Okawaru.
Okawaru was pleased with you.
You visited 1 branch of the dungeon, and saw 8 of its levels.

You collected 404 gold pieces.


Innate Abilities, Weirdness & Mutations

You are immune to sickness and miasma.
Your stone body is resilient. (AC +6)
You are immune to poison.
You resist negative energy. (rN+)
You are resistant to electric shocks. (rElec)
You are resistant to unholy torment.
You are immune to petrification.
You possess an exceptional clarity of mind.
Your magical capacity is low. (-10% MP)
You occasionally shout uncontrollably at your foes.
You passively dampen the noise of your surroundings.


   Skills:
 - Level 7.1 Fighting
 - Level 9.0 Axes
 + Level 4.8 Armour
 - Level 2.2 Dodging
 - Level 4.3 Shields
 - Level 4.0 Invocations


You had 8 spell levels left.
You didn't know any spells.
Your spell library was empty.

Inventory:

Hand Weapons
 m - a +1 morningstar of protection
 Y - a +2 war axe (weapon)
Armour
 c - a +0 buckler (worn)
 h - a +0 cloak (worn)
 i - a +0 helmet (worn)
 q - a +0 chain mail (worn)
Jewellery
 l - a ring of protection from fire (left hand)
Scrolls
 a - a scroll of identify
Potions
 d - a potion of might
 e - 2 potions of lignification
 g - a potion of resistance
 j - 2 potions of attraction
 k - 2 potions of haste
 n - a potion of curing {unknown}
 o - 3 potions of mutation
 p - a potion of degeneration {unknown}

Dungeon Overview and Level Annotations

Branches:
Dungeon (8/15)             Temple (0/1) D:5
   Lair: D:8-11

Altars:
Fedhas
Okawaru
Xom
The Shining One

Shops:
D:4 (*

Annotations:
D:4 exclusion: 4 iron imps


Message History

You block the yak's attack.
You hit the yak but do no damage.
The yak is almost dead.
You slice the yak!!
You kill the yak!
Okawaru accepts your kill.
Your base Fighting skill increases to level 7!
You hit the yak but do no damage. The yak barely misses you.
You hit the yak but do no damage. You slice the yak!!
The yak is heavily wounded.
You hit the yak.
The yak is severely wounded.
The yak gores you.
You hit the yak but do no damage.
The yak is severely wounded.
You barely miss the yak.
The yak is severely wounded.
You barely miss the yak.
The yak is severely wounded.
You barely miss the yak.
The yak snorts and paws the ground.
The yak barely misses you. x2
You slash the yak!
The yak is almost dead.
You barely miss the yak. The yak gores you. The yak barely misses you.
You hit the yak but do no damage.
The yak is almost dead.
You barely miss the yak. The yak barely misses you. The yak gores you!
You slash the yak!
You kill the yak!
Okawaru accepts your kill.
You barely miss the yak. You barely miss the yak.
You feel like a meek peon again. The yak gores you!
You die...

. #. #.. #... ##+##
#.... #...# .#
#....Y#%..#######.#
.....YY@..#.......#
.#######..#.......#
##..#.......#
#...#.......#
#...#.......#
##..#.......#
#..###'##..####
+..##..##......
#..........#


You could see 3 yaks.

Vanquished Creatures
  2 yaks (D:8)
  Menkaure (D:4)
  A steam dragon (D:7)
  2 water moccasins (D:6)
  Duvessa (D:6)
  2 ogres
  An ice beast (D:7)
  A centaur (D:7)
  2 phantoms
  A kobold brigand (D:7)
  2 bullfrogs (D:7)
  3 scorpions
  4 wights (D:6)
  Dowan (D:6)
  An orc priest (D:7)
  2 hounds
  5 jellies
  A gnoll bouda (D:4)
  An iguana (D:5)
  3 sleepcaps
  5 orc wizards
  8 gnolls
  5 adders
  7 shadow imps
  A white imp (D:6)
  2 ufetubi
  2 worms
  A dart slug (D:2)
  17 orcs
  2 endoplasms
  2 giant cockroaches
  6 goblins
  4 hobgoblins
  2 jackals (D:4)
  12 kobolds
  8 quokkas
  3 ball pythons
  3 bats (D:2)
  3 frilled lizards
  3 rats
133 creatures vanquished.

Vanquished Creatures (others)
  An orc (D:7)
1 creature vanquished.

Grand Total: 134 creatures vanquished

Notes
Turn   | Place    | Note
-------+----------+-------------------------------------------
     0 | D:1      | qw the Gargoyle Fighter began the quest for the Orb.
     0 | D:1      | Reached XP level 1. HP: 14/14 MP: 1/1
     0 | D:1      | 0 ||| qw: Version: 0.2-a-29-gc1b59c4
     0 | D:1      | 0 ||| qw: Game counter: 4750
     0 | D:1      | 0 ||| qw: Always use a shield: true
     0 | D:1      | 0 ||| qw: God list: Okawaru
     0 | D:1      | 0 ||| qw: Allow faded altars: false
     0 | D:1      | 0 ||| qw: Do Orc after D:15 true
     0 | D:1      | 0 ||| qw: Do second Lair branch before Depths: true
     0 | D:1      | 0 ||| qw: Lair rune preference: random
     0 | D:1      | 0 ||| qw: Plans: Normal, Zot:1-4, Slime:5, God:TSO, Crypt,
                  | Tomb, Abyss, Pan, Hells, Win
     0 | D:1      | 0 ||| PLANNING D:1-11
    75 | D:1      | 75 ||| FLEEEEING.
    76 | D:1      | 76 ||| FLEEEEING.
    78 | D:1      | 78 ||| FLEEEEING.
    79 | D:1      | 79 ||| FLEEEEING.
    80 | D:1      | 80 ||| FLEEEEING.
    81 | D:1      | 81 ||| FLEEEEING.
    89 | D:1      | Reached skill level 2 in Axes
   201 | D:1      | Reached XP level 2. HP: 19/19 MP: 2/2
   693 | D:1      | 693 ||| UPGRADING to +0 helmet.
   698 | D:1      | 698 ||| UPGRADING to ring of protection from fire.
   699 | D:1      | 699 ||| READING 3 scrolls labelled MASACRORESA.
   700 | D:1      | 700 ||| READING scroll labelled JUID HEEG DUO.
   713 | D:1      | 713 ||| READING scroll labelled MEGEUGIMEN.
   714 | D:1      | 714 ||| READING scroll labelled LOAXAN ZEN XUNG.
   715 | D:1      | 715 ||| READING 2 scrolls of identify.
   715 | D:1      | 715 ||| IDENTIFYING brown potion
   716 | D:1      | 716 ||| DROPPING potion of berserk rage.
   749 | D:2      | 749 ||| STAIRDANCE
   824 | D:2      | Reached skill level 3 in Axes
   851 | D:2      | Reached XP level 3. HP: 23/23 MP: 3/3
   875 | D:2      | 875 ||| Stepping ~*~*~tactically~*~*~ (stealth).
   879 | D:2      | 879 ||| Stepping ~*~*~tactically~*~*~ (hiding).
  1030 | D:2      | 1030 ||| Stepping ~*~*~tactically~*~*~ (hiding).
  1194 | D:2      | 1194 ||| Stepping ~*~*~tactically~*~*~ (hiding).
  1270 | D:2      | Found a faded altar of an unknown god.
  1320 | D:2      | 1320 ||| Stepping ~*~*~tactically~*~*~ (stealth).
  1421 | D:2      | Reached XP level 4. HP: 28/28 MP: 4/4
  1928 | D:3      | Found a glowing golden altar of the Shining One.
  1983 | D:3      | Reached skill level 4 in Axes
  2083 | D:3      | 2083 ||| Stepping ~*~*~tactically~*~*~ (stealth).
  2374 | D:3      | 2374 ||| DROPPING ring of magical power.
  2375 | D:3      | 2375 ||| DRINKING 3 yellow potions.
  2403 | D:3      | 2403 ||| READING 3 scrolls of identify.
  2403 | D:3      | 2403 ||| IDENTIFYING sapphire potion
  2404 | D:3      | 2404 ||| READING 2 scrolls of identify.
  2404 | D:3      | 2404 ||| IDENTIFYING grey potion
  2441 | D:4      | 2441 ||| Stepping ~*~*~tactically~*~*~ (hiding).
  2443 | D:4      | 2443 ||| Stepping ~*~*~tactically~*~*~ (hiding).
  2444 | D:4      | 2444 ||| Stepping ~*~*~tactically~*~*~ (hiding).
  2445 | D:4      | 2445 ||| Stepping ~*~*~tactically~*~*~ (hiding).
  2452 | D:4      | 2452 ||| Stepping ~*~*~tactically~*~*~ (stealth).
  2507 | D:4      | 2507 ||| Stepping ~*~*~tactically~*~*~ (stealth).
  2522 | D:4      | Reached XP level 5. HP: 22/32 MP: 5/5
  2572 | D:4      | Found an iron altar of Okawaru.
  2573 | D:4      | 2573 ||| PLANNING OKAWARU WORSHIP
  2573 | D:4      | 2573 ||| DROPPING +0 club.
  2581 | D:4      | Became a worshipper of Warmaster Okawaru
  2581 | D:4      | 2581 ||| PLANNING D:1-11
  2598 | D:4      | Found Xirym's Weapon Emporium.
  2654 | D:4      | Noticed an ogre
  2664 | D:4      | HP: 5/32 [ogre/+0 giant club (6)]
  2665 | D:4      | 2665 ||| DRINKING potion of heal wounds.
  2667 | D:4      | Killed an ogre
  2668 | D:4      | Reached skill level 5 in Axes
  2783 | D:4      | 2783 ||| Stepping ~*~*~tactically~*~*~ (hiding).
  2797 | D:4      | 2797 ||| Stepping ~*~*~tactically~*~*~ (stealth).
  2837 | D:4      | Found a blossoming altar of Fedhas.
  2838 | D:4      | 2838 ||| Stepping ~*~*~tactically~*~*~ (stealth).
  2894 | D:4      | 2894 ||| Stepping ~*~*~tactically~*~*~ (hiding).
  2896 | D:4      | 2896 ||| Stepping ~*~*~tactically~*~*~ (hiding).
  2903 | D:4      | Reached XP level 6. HP: 30/37 MP: 6/6
  2994 | D:4      | Found a shimmering altar of Xom.
  3072 | D:4      | 3072 ||| Stepping ~*~*~tactically~*~*~ (stealth).
  3094 | D:4      | Noticed Menkaure
  3103 | D:4      | Killed Menkaure
  3103 | D:4      | Reached * piety under Okawaru
  3104 | D:4      | 3104 ||| FLEEEEING.
  3105 | D:4      | 3105 ||| FLEEEEING.
  3106 | D:4      | 3106 ||| FLEEEEING.
  3107 | D:4      | 3107 ||| FLEEEEING.
  3108 | D:4      | 3108 ||| FLEEEEING.
  3109 | D:4      | 3109 ||| FLEEEEING.
  3110 | D:4      | 3110 ||| FLEEEEING.
  3111 | D:4      | 3111 ||| FLEEEEING.
  3112 | D:4      | 3112 ||| FLEEEEING.
  3113 | D:4      | 3113 ||| FLEEEEING.
  3114 | D:4      | 3114 ||| FLEEEEING.
  3116 | D:4      | 3116 ||| FLEEEEING.
  3117 | D:4      | 3117 ||| FLEEEEING.
  3118 | D:4      | 3118 ||| FLEEEEING.
  3120 | D:4      | 3120 ||| FLEEEEING.
  3122 | D:4      | 3122 ||| FLEEEEING.
  3123 | D:4      | 3123 ||| FLEEEEING.
  3124 | D:4      | 3124 ||| FLEEEEING.
  3125 | D:4      | 3125 ||| FLEEEEING.
  3127 | D:4      | 3127 ||| FLEEEEING.
  3130 | D:4      | 3130 ||| FLEEEEING.
  3131 | D:4      | 3131 ||| FLEEEEING.
  3132 | D:4      | 3132 ||| FLEEEEING.
  3134 | D:4      | 3134 ||| FLEEEEING.
  3135 | D:4      | 3135 ||| FLEEEEING.
  3136 | D:4      | 3136 ||| FLEEEEING.
  3137 | D:4      | 3137 ||| FLEEEEING.
  3138 | D:4      | 3138 ||| FLEEEEING.
  3140 | D:4      | 3140 ||| FLEEEEING.
  3141 | D:4      | 3141 ||| INVOKING Heroism.
  3151 | D:4      | 3151 ||| INVOKING Heroism.
  3153 | D:4      | Reached skill level 1 in Invocations
  3153 | D:4      | Reached XP level 7. HP: 26/43 MP: 3/7
  3218 | D:4      | 3218 ||| DROPPING +0 flail.
  3342 | D:4      | Found Ozyupsua's Overcharged Wands.
  3349 | D:4      | 3349 ||| SHOPLISTING wand of digging (11) (693 gold, have
                  | 178).
  3521 | D:4      | 3521 ||| UPGRADING to +0 cloak.
  3526 | D:4      | 3526 ||| READING scroll labelled BULOIR NECUO.
  3527 | D:4      | 3527 ||| DRINKING 2 purple potions.
  3528 | D:4      | 3528 ||| READING 2 scrolls of identify.
  3528 | D:4      | 3528 ||| IDENTIFYING sedimented blue potion
  3529 | D:4      | 3529 ||| DROPPING potion of brilliance.
  3558 | D:5      | Entered Level 5 of the Dungeon
  3561 | D:5      | 3561 ||| Stepping ~*~*~tactically~*~*~ (hiding).
  3590 | D:5      | Found a staircase to the Ecumenical Temple.
  3639 | D:5      | 3639 ||| READING scroll of enchant weapon.
  3639 | D:5      | 3639 ||| ENCHANTING +1 war axe.
  3752 | D:5      | Reached skill level 6 in Axes
  3798 | D:5      | 3798 ||| INVOKING Heroism.
  3801 | D:5      | Reached skill level 3 in Invocations
  3946 | D:5      | 3946 ||| INVOKING Heroism.
  4008 | D:5      | 4008 ||| INVOKING Heroism.
  4078 | D:5      | Reached XP level 8. HP: 48/48 MP: 9/11
  4221 | D:5      | 4221 ||| INVOKING Heroism.
  4330 | D:5      | 4330 ||| INVOKING Heroism.
  4335 | D:5      | Reached skill level 7 in Axes
  4398 | D:5      | 4398 ||| READING scroll labelled QUIR TOARCHIKA.
  4499 | D:5      | 4499 ||| READING scroll labelled JAHOAT KARU.
  4500 | D:5      | 4500 ||| READING 2 scrolls of identify.
  4500 | D:5      | 4500 ||| IDENTIFYING clear potion
  4501 | D:5      | 4501 ||| DROPPING potion of ambrosia.
  4612 | D:6      | 4612 ||| Stepping ~*~*~tactically~*~*~ (stealth).
  4620 | D:6      | 4620 ||| Stepping ~*~*~tactically~*~*~ (stealth).
  4844 | D:6      | 4844 ||| Stepping ~*~*~tactically~*~*~ (stealth).
  4919 | D:6      | 4919 ||| Stepping ~*~*~tactically~*~*~ (stealth).
  4959 | D:6      | Noticed Duvessa
  4959 | D:6      | Noticed Dowan
  4960 | D:6      | 4960 ||| INVOKING Heroism.
  4965 | D:6      | Killed Duvessa
  4966 | D:6      | Reached skill level 8 in Axes
  4968 | D:6      | Killed Dowan
  5008 | D:6      | Reached ** piety under Okawaru
  5009 | D:6      | Reached skill level 6 in Fighting
  5009 | D:6      | Reached XP level 9. HP: 55/55 MP: 12/12
  5363 | D:6      | 5363 ||| INVOKING Heroism.
  5395 | D:6      | 5395 ||| UPGRADING to +0 chain mail.
  5405 | D:6      | 5405 ||| DROPPING +0 scale mail.
  5406 | D:6      | 5406 ||| READING 3 scrolls labelled BOEJANG LATALUQ.
  5407 | D:6      | 5407 ||| DRINKING 4 fizzy amethyst potions.
  5407 | D:6      | Gained mutation: You occasionally shout uncontrollably at
                  | your foes. [potion of mutation]
  5407 | D:6      | Gained mutation: You passively dampen the noise of your
                  | surroundings. [potion of mutation]
  5407 | D:6      | Gained mutation: Your magical capacity is low. (-10% MP)
                  | [potion of mutation]
  5407 | D:6      | Gained mutation: You possess an exceptional clarity of
                  | mind. [potion of mutation]
  5408 | D:6      | 5408 ||| READING 2 scrolls of identify.
  5408 | D:6      | 5408 ||| IDENTIFYING white potion
  5409 | D:6      | 5409 ||| DROPPING 2 scrolls of immolation.
  5507 | D:7      | 5507 ||| Stepping ~*~*~tactically~*~*~ (hiding).
  5590 | D:7      | 5590 ||| Stepping ~*~*~tactically~*~*~ (stealth).
  5591 | D:7      | 5591 ||| Stepping ~*~*~tactically~*~*~ (hiding).
  5593 | D:7      | 5593 ||| Stepping ~*~*~tactically~*~*~ (hiding).
  5596 | D:7      | 5596 ||| Stepping ~*~*~tactically~*~*~ (hiding).
  5597 | D:7      | 5597 ||| Stepping ~*~*~tactically~*~*~ (hiding).
  5640 | D:7      | 5640 ||| INVOKING Heroism.
  5651 | D:7      | Reached skill level 9 in Axes
  5779 | D:7      | 5779 ||| INVOKING Heroism.
  6174 | D:7      | 6174 ||| INVOKING Heroism.
  6176 | D:7      | 6176 ||| Stepping ~*~*~tactically~*~*~ (hiding).
  6264 | D:8      | 6264 ||| INVOKING Heroism.
  6282 | D:8      | HP: 12/57 [yak (11)]
  6284 | D:8      | Slain by a yak

Levels and vault maps discovered:
D:1:      dpeg_arrival_renting, layout_basic, nrook_loot_triangle, hex_large,
          minmay_tree_intersection
D:2:      layout_basic, ebering_ecumenical_altar_rust
D:3:      layout_rooms, mainiacjoe_overflow_alcove_1
D:4:      minmay_spotlight, layout_basic, fedhas_altar_fruit_tree,
          brannock_xom_greatest_gift, mainiacjoe_overflow_boulevard,
          demons_altar, serial_shops, shop, nicolae_shop_overcharged_wands,
          uniq_menkaure
D:5:      layout_gridville, minmay_temple_entry_tees, serial_demonic,
          serial_demonic_a, serial_demonic_d, serial_demonic_g, serial_demonic_g
D:6:      layout_loops_ring, uniq_duvessa
D:7:      layout_loops_cross
D:8:      gammafunk_corrupted_shrine, layout_gridville,
          kennysheep_orc_sif_temple, kennysheep_mini, roderic_lattice_a,
          minmay_radiant, uniq_gastronok

Skill      XL: |  1  2  3  4  5  6  7  8  9 |
---------------+----------------------------+-----
Axes           | 2 3 4 5 6 8 9 |  9.0
Fighting       | 4 6 7 |  7.1
Dodging        | 2 |  2.2
Invocations    | 1 4 |  4.0
Armour         | 4 |  4.8
Shields        | 4 |  4.3

Action                     |  1- 3 |  4- 6 |  7- 9 || total
---------------------------+-------+-------+-------++-------
  Melee: War axe           |    99 |   116 |   252 ||   467
  Throw: Boomerang         |       |       |    17 ||    17
 Invoke: Heroism           |       |     2 |    11 ||    13
    Use: Scroll            |     5 |     2 |     8 ||    15
         Potion            |       |     2 |     2 ||     4
 Armour: Scale mail        |    34 |    44 |    73 ||   151
         Chain mail        |       |       |    38 ||    38
  Dodge: Dodged            |    44 |    43 |    92 ||   179
  Block: Buckler           |    22 |    12 |    42 ||    76

Table legend:
 A = Non-vault XP
 B = Vault XP
 C = Vault XP percentage of total XP
 D = Non-vault monster count
 E = Vault monster count
 F = Vault count percentage of total count
                 A         B        C        D         E       F
            +---------+---------+-------+---------+---------+-------
      Total |    3455 |     437 |  11.2 |     124 |       9 |   6.8
            +---------+---------+-------+---------+---------+-------
        D:1 |      28 |       0 |   0.0 |      13 |       0 |   0.0
        D:2 |      57 |       0 |   0.0 |      20 |       0 |   0.0
        D:3 |      29 |       0 |   0.0 |       9 |       0 |   0.0
        D:4 |     355 |     191 |  35.0 |      24 |       3 |  11.1
        D:5 |     692 |      45 |   6.1 |      14 |       4 |  22.2
        D:6 |     850 |     201 |  19.1 |      17 |       2 |  10.5
        D:7 |    1035 |       0 |   0.0 |      25 |       0 |   0.0
        D:8 |     409 |       0 |   0.0 |       2 |       0 |   0.0
            +---------+---------+-------+---------+---------+-------
